 Dungeon Crawl Stone Soup version 0.31-a0-700-gf13585253f (webtiles) character file.

Game seed: 17026868103378795221

1568 IdlyInterested the Martial Artist (level 8, 0/58 HPs)
             Began as a Demonspawn Monk on Sept 7, 2023.
             Succumbed to a killer bee's poison
             ... on level 5 of the Dungeon.
             The game lasted 00:15:39 (4428 turns).

IdlyInterested the Martial Artist (Demonspawn Monk) Turns: 4428, Time: 00:15:40

Health: 0/58       AC:  7    Str: 13    XL:     8   Next: 59%
Magic:  9/9        EV: 11    Int: 11    God:
Gold:   282        SH:  0    Dex: 17    Spells: 9/9 levels left

rFire   + +          +
                       - Unarmed
rCold   + + .        c - orb {light}
rNeg    + . .        G - +1 ring mail of Grace {rF+ rC+ Slay+2}
rPois   +            (no helmet)
rElec   +            (cloak unavailable)
rCorr   .            (no gloves)
SInv    .            v - +0 pair of boots
Will    .....        (no amulet)
Stlth   +            i - ring of positive energy
HPRegen 0.29/turn    n - ring of Xom's Ringing Laughter {Drain rElec rPois rF++ rC+}
MPRegen 0.22/turn

%: no passive effects
@: lethally poisoned (0 -> -11), glowing
A: magic regeneration, weakness stinger 3
a: no special abilities


You were on level 5 of the Dungeon.
You visited 1 branch of the dungeon, and saw 7 of its levels.
You also visited: Ossuary.

You collected 282 gold pieces.

Inventory:

Hand Weapons
 e - a +0 rapier
 u - a +0 broad axe of venom
 C - a +1 dagger of venom
Missiles
 d - 12 atropa-tipped darts
 j - 30 stones
 r - 2 curare-tipped darts
 E - 3 poisoned darts (quivered)
 I - a throwing net
Armour
 c - an orb of light (worn)
 l - an orb of energy
 v - a +0 pair of boots (worn)
 y - an orb of wrath
 G - the +1 ring mail of Grace (worn) {rF+ rC+ Slay+2}
   (You found it on level 6 of the Dungeon)

   Slay+2:    It affects your accuracy & damage with ranged weapons and melee
   (+2).
   rF+:       It protects you from fire.
   rC+:       It protects you from cold.
Magical Staves
 h - a staff of poison
Jewellery
 i - a ring of positive energy (left hand)
 m - a ring of magical power
 n - the ring of Xom's Ringing Laughter (right hand) {Drain rElec rPois rF++ rC+}
   (You found it on level 6 of the Dungeon)

   [ring of poison resistance]

   rF++:      It greatly protects you from fire.
   rC+:       It protects you from cold.
   rElec:     It insulates you from electricity.
   rPois:     It protects you from poison Drain: It drains your maximum health
   when unequipped.
 s - a ring of protection from cold
Wands
 o - a wand of digging (7)
Scrolls
 a - 2 scrolls of enchant weapon
 f - 3 scrolls of blinking {unknown}
 g - 2 scrolls of enchant armour
 A - 2 scrolls of noise {unknown}
 F - a scroll of immolation
 H - a scroll of butterflies {unknown}
Potions
 b - 2 potions of ambrosia
 k - 4 potions of haste
 p - a potion of mutation {unknown}
 q - a potion of might {unknown}
 t - 2 potions of heal wounds {unknown}
 w - a potion of brilliance {unknown}
 x - a potion of resistance {unknown}
 z - 6 potions of curing {unknown}
 B - a potion of invisibility {unknown}
 D - a potion of magic {unknown}


   Skills:
 + Level 3.3 Fighting
 - Level 1.0 Throwing
 - Level 1.0 Armour
 - Level 3.0 Dodging
 - Level 1.0 Stealth
 - Level 1.0 Shields
 * Level 9.0 Unarmed Combat
 - Level 1.0 Spellcasting
 - Level 1.0 Evocations
 - Level 3.0 Shapeshifting


You had 9 spell levels left.
You didn't know any spells.
Your spell library contained the following spells:

 Spells                   Type           Power      Damage    Failure   Level
 Kiss of Death            Conj/Necr      0%         2d5       56%         1
 Sandblast                Erth           0%         2d4       56%         1
 Passwall                 Tmut/Erth      0%         N/A       71%         2
 Scorch                   Fire           0%         2d5       71%         2
 Confusing Touch          Hex            0%         N/A       90%         3
 Stone Arrow              Conj/Erth      0%         3d7       90%         3
 Dispel Undead            Necr           0%         3d6       100%        4
 Flame Wave               Conj/Fire      0%         2d4       100%        4
 Vhi's Electric Charge    Tloc/Air       0%         N/A       100%        4
 Arcjolt                  Conj/Air       0%         1d10      100%        5
 Summon Cactus Giant      Summ           0%         N/A       100%        6
 Maxwell's Capacitive Co  Air            0%         ∞         100%        8


Dungeon Overview and Level Annotations

Branches:
Dungeon (7/15)            Ossuary (visited)
 Temple: D:4-7

Altars:
Vehumet

Shops:
D:1 :   D:6 (


Innate Abilities, Weirdness & Mutations

You regenerate magic rapidly.
You have a sharp stinger which inflicts weakening toxins.


Message History

The killer bee stings you but does no damage.
The killer bee misses you.
The killer bee stings you but does no damage.
The killer bee stings you. The killer bee barely misses you.
You punch the killer bee!
You kill the killer bee!
You feel sick. The killer bee misses you. The killer bee barely misses you.
The killer bee stings you.
Your Unarmed Combat skill increases to level 9!
Unknown command.
You hit the killer bee.
The killer bee is lightly wounded.
You feel sick. The killer bee stings you.
The killer bee stings you but does no damage.
The killer bee closely misses you.
An ogre comes into view. It is wielding a +0 giant club.
The killer bee stings you. The killer bee misses you.
The killer bee stings you but does no damage.
You punch the killer bee!
The killer bee is severely wounded.
You feel sick. The killer bee stings you.
* * * LOW HITPOINT WARNING * * *
You are more poisoned.
The killer bee poisons you! The killer bee stings you.
* * * LOW HITPOINT WARNING * * *
The killer bee misses you. The killer bee stings you.
* * * LOW HITPOINT WARNING * * *
The killer bee stings you.
* * * LOW HITPOINT WARNING * * *
The killer bee stings you.
* * * LOW HITPOINT WARNING * * *
You hit the killer bee.
The killer bee is almost dead.
* * * LOW HITPOINT WARNING * * *
You feel sick. The killer bee barely misses you. The killer bee misses you.
The killer bee barely misses you.
Unknown command.
You miss the killer bee.
The killer bee is almost dead.
You die...

.. ...........
... .........#
....#........#
....#........#
.............#
.............#
............#
.......†@y..#
........yy...#
...♣♣.♣♣...###
. ♣. ..♣... .
.♣♣..... .. O.
.....# ♣. ..
..### .. .♣.
..#


You could see an ogre and 3 killer bees.

Vanquished Creatures
  Prince Ribbit (D:6)
  Sigmund (D:2)
  Edmund (D:6)
  A water moccasin (D:5)
  An orc warrior (D:6)
  A black bear (D:6)
  An ogre (D:6)
  4 water moccasin zombies (Ossuary)
  A killer bee (D:5)
  A howler monkey (D:6)
  2 hounds
  An orc priest (D:6)
  A sleepcap (D:6)
  Natasha (thrice) (D:2)
  An orc wizard (D:6)
  3 mummies
  5 adders (D:2)
  3 adder zombies (Ossuary)
  2 worms (D:2)
  3 dart slugs
  5 orcs
  7 endoplasms
  6 giant cockroaches
  4 gnoll zombies (Ossuary)
  8 goblins
  4 hobgoblins
  8 jackals
  4 quokkas
  10 ball pythons
  10 bats
  4 frilled lizards
  3 hobgoblin zombies (Ossuary)
  5 kobolds
  9 kobold zombies (Ossuary)
  4 orc zombies (Ossuary)
  3 rats (D:1)
131 creatures vanquished.

Notes
Turn   | Place    | Note
-------+----------+-------------------------------------------
     0 | D:1      | IdlyInterested the Demonspawn Monk began the quest for the
                  | Orb.
     0 | D:1      | Reached XP level 1. HP: 18/18 MP: 1/1
   114 | D:1      | Reached skill level 3 in Unarmed Combat
   156 | D:1      | Gained mutation: You regenerate magic rapidly. [demonic
                  | ancestry]
   156 | D:1      | Reached XP level 2. HP: 7/24 MP: 2/2
   508 | D:1      | Found Elunt's Book Shoppe.
   538 | D:1      | Reached XP level 3. HP: 27/29 MP: 3/3
   823 | D:1      | Found a faded altar of an unknown god.
  1114 | D:2      | Noticed Natasha
  1137 | D:2      | Killed Natasha
  1138 | D:2      | Reached skill level 1 in Throwing
  1138 | D:2      | Reached skill level 4 in Unarmed Combat
  1138 | D:2      | Gained mutation: You have a small tail. [demonic ancestry]
  1138 | D:2      | Reached XP level 4. HP: 5/35 MP: 4/4
  1639 | D:2      | Reached skill level 1 in Armour
  1658 | D:2      | Noticed Natasha
  1665 | D:2      | Killed Natasha
  1666 | D:2      | Gained mutation: You have a tail ending in a sharp stinger.
                  | [demonic ancestry]
  1666 | D:2      | Reached XP level 5. HP: 37/41 MP: 5/5
  1778 | D:2      | Noticed Sigmund
  1800 | D:2      | Killed Sigmund
  1801 | D:2      | Reached skill level 1 in Stealth
  1801 | D:2      | Reached skill level 5 in Unarmed Combat
  1801 | D:2      | Gained mutation: You have a sharp stinger which inflicts
                  | weakening toxins. [demonic ancestry]
  1801 | D:2      | Reached XP level 6. HP: 23/47 MP: 6/6
  2238 | D:3      | Reached skill level 6 in Unarmed Combat
  2342 | D:3      | Found a radiant altar of Vehumet.
  2566 | D:2      | Noticed Natasha
  2570 | D:2      | Killed Natasha
  3164 | D:4      | Reached skill level 1 in Evocations
  3383 | D:4      | You fall into a shaft and drop 3 floors!
  3399 | D:6      | Noticed an orc warrior
  3400 | D:6      | Found Xebb's Weapon Boutique.
  3420 | D:6      | Noticed an orc warrior
  3428 | D:6      | Reached skill level 1 in Spellcasting
  3428 | D:6      | Reached XP level 7. HP: 38/52 MP: 8/8
  3477 | D:6      | Reached skill level 1 in Shields
  3477 | D:6      | Reached skill level 7 in Unarmed Combat
  3485 | D:6      | Identified the ring of Xom's Ringing Laughter {Drain rElec
                  | rPois rF++ rC+}
  3494 | D:6      | Found a sand-covered staircase.
  3507 | Ossuary  | Entered an ossuary
  3687 | Ossuary  | Reached skill level 8 in Unarmed Combat
  3924 | D:6      | Reached skill level 1 in Shapeshifting
  3924 | D:6      | Reached XP level 8. HP: 49/58 MP: 9/9
  4150 | D:6      | Noticed Prince Ribbit
  4164 | D:6      | Killed Prince Ribbit
  4240 | D:6      | Identified the +1 ring mail of Grace {rF+ rC+ Slay+2}
  4397 | D:6      | Noticed Edmund
  4412 | D:6      | Killed Edmund
  4417 | D:5      | Entered Level 5 of the Dungeon
  4425 | D:5      | Reached skill level 9 in Unarmed Combat
  4428 | D:5      | Succumbed to a killer bee's poison

Illustrated notes

Levels and vault maps discovered:
D:1:      minmay_arrival_widening_spiral_wide, layout_basic,
          hellmonk_ecumenical_altar_inner_sanctum, serial_shops,
          nicolae_shop_real_fake_doors, grunt_decor_cap
D:2:      layout_loops_ring, uniq_natasha, uniq_sigmund
D:3:      layout_rooms, mainiacjoe_overflow_paths
D:4:      layout_gridville, corexii_item_surrounded_by_moat
D:5:      old_forge, layout_cave_pools, mainiacjoe_overflow_small_starburst,
          minmay_temple_entry_stoned_glass, serial_shops,
          nicolae_shop_back_alley_shop
D:6:      cheibrodos_iron_armory, layout_basic, lemuel_round_altar,
          gup_ossuary_entry_pyramid, serial_shops, nicolae_shop_back_alley_shop,
          uniq_edmund, uniq_prince_ribbit1
D:7:      layout_basic, hangedman_decor_lopped, kennysheep_small_square,
          uniq_menkaure

Skill      XL: |  1  2  3  4  5  6  7  8 |
---------------+-------------------------+-----
Unarmed Combat | 3 4 5 6 8 9 |  9.0
Dodging        | 3 |  3.0
Throwing       | 1 |  1.0
Armour         | 1 |  1.0
Stealth        | 1 |  1.0
Evocations     | 1 |  1.0
Spellcasting   | 1 |  1.0
Shields        | 1 |  1.0
Shapeshifting  | 1 3 |  3.0
Fighting       | |  3.3

Action                     |  1- 3 |  4- 6 |  7- 9 || total
---------------------------+-------+-------+-------++-------
  Melee: Unarmed           |   103 |   185 |   157 ||   445
         Tailslap          |       |    28 |    35 ||    63
  Throw: Dart              |       |       |     6 ||     6
    Use: Scroll            |       |     7 |     1 ||     8
         Potion            |       |       |     1 ||     1
 Armour: Robe              |    18 |       |       ||    18
         Ring mail         |    49 |    64 |    24 ||   137
         Scale mail        |       |    35 |    66 ||   101
  Dodge: Dodged            |    77 |    95 |    77 ||   249

Table legend: (Time is in decaauts)
 A = Elapsed time spent in this place.
 B = Non-inter-level travel time spent in this place.
 C = Inter-level travel time spent in this place.
 D = Time resting spent in this place.
 E = Time spent auto-exploring this place.
 F = Levels seen in this place.
 G = Mean time per level.
                   A        B        C        D        E       F      G
               +--------+--------+--------+--------+--------+-----+--------+
         Total |   4379 |   3764 |    615 |    657 |   1815 |   8 |  547.4 |
       Dungeon |   4121 |   3506 |    615 |    579 |   1815 |   7 |  588.7 |
       Ossuary |    257 |    257 |      0 |     78 |      0 |   1 |  257.0 |
               +--------+--------+--------+--------+--------+-----+--------+

Top non-repeatable levels by time:
     D:1: 1322 daAuts
     D:2: 987 daAuts
     D:6: 738 daAuts
     D:3: 699 daAuts
     D:4: 353 daAuts
 Ossuary: 257 daAuts
     D:7: 11 daAuts
     D:5: 9 daAuts
